 Dungeon Crawl Stone Soup version 0.31.0-11-ge490571c62 (webtiles) character file.

Game seed: 5403806452716207503

1647 qw the Skirmisher (level 8, -11/40 HPs)
             Began as a Spriggan Hunter on Feb 4, 2024.
             Was a Follower of Okawaru.
             Killed from afar by a steam dragon (15 damage)
             ... with a ball of steam
             ... on level 6 of the Dungeon.
             The game lasted 00:00:23 (5908 turns).

qw the Skirmisher (Spriggan Hunter)                 Turns: 5908, Time: 00:00:23

Health: -11/40     AC:  2    Str:  7    XL:     8   Next: 67%
Magic:  11/11      EV: 28    Int: 11    God:    Okawaru [*.....]
Gold:   251        SH:  0    Dex: 20    Spells: 7/7 levels left

rFire   . . .        i - +0 orcbow
rCold   . . .        (shield currently unavailable)
rNeg    . . .        c - +0 robe
rPois   .            (helmet restricted)
rElec   .            (no cloak)
rCorr   .            (gloves unavailable)
SInv    +            (boots unavailable)
Will    +....        (no amulet)
Stlth   ++           l - +5 ring of evasion
HPRegen 0.26/turn    (no ring)
MPRegen 0.12/turn

%: no passive effects
@: very quick
A: very small, no large weapons, unfitting armour, see invisible, speed 3
a: Renounce Religion, Heroism


You were on level 6 of the Dungeon.
You worshipped Okawaru.
Okawaru was aware of your devotion.
You visited 1 branch of the dungeon, and saw 6 of its levels.

You collected 251 gold pieces.


Innate Abilities, Weirdness & Mutations

You are very small and have problems with some larger weapons.
You are too small for most types of armour.
You have supernaturally acute eyesight. (SInv)
You cover ground extremely quickly. (Speed+++)


   Skills:
 - Level 3.0 Fighting
 + Level 8.9 Ranged Weapons
 - Level 8.0 Dodging
 - Level 1.5 Stealth
 + Level 3.8 Invocations


You had 7 spell levels left.
You didn't know any spells.
Your spell library was empty.

Inventory:

Hand Weapons
 i - a +0 orcbow (weapon)
Armour
 c - a +0 robe (worn)
Jewellery
 k - a +6 ring of dexterity
 l - a +5 ring of evasion (left hand)
 m - a ring of magical power
Wands
 a - a wand of quicksilver (5)
 f - a wand of mindburst (6)
Scrolls
 j - a scroll of blinking {unknown}
 n - a scroll of amnesia {unknown}
Potions
 b - a potion of might {unknown}
 d - 2 potions of haste {unknown}
 e - 5 potions of curing
 g - 2 potions of mutation
 h - a potion of ambrosia {unknown}
 o - a potion of resistance {unknown}

Dungeon Overview and Level Annotations

Branches:
Dungeon (6/15)
 Temple: D:4-7

Altars:
Ashenzari
Dithmenos
Elyvilon
Hepliaklqana
Makhleb
Okawaru
Uskayaw
Xom
Yredelemnul

Annotations:
D:2 1 runed translucent door, Crazy Yiuf


Message History

The steam dragon is lightly wounded.
The steam dragon closely misses you. The steam dragon misses you.
You shoot an arrow. The arrow hits the steam dragon!
The steam dragon is heavily wounded.
The steam dragon bites you. The steam dragon completely misses you.
You shoot an arrow.
The arrow barely misses the steam dragon.
The steam dragon completely misses you. The steam dragon claws you.
You shoot an arrow.
The arrow closely misses the steam dragon.
The steam dragon completely misses you. The steam dragon barely misses you.
You shoot an arrow. The arrow hits the steam dragon.
The steam dragon is severely wounded.
The steam dragon closely misses you. The steam dragon misses you.
You shoot an arrow.
The arrow barely misses the steam dragon.
The steam dragon completely misses you.
The steam dragon claws you but does no damage.
You shoot an arrow.
The arrow hits the steam dragon but does no damage.
The steam dragon is severely wounded.
The steam dragon misses you. x2
You shoot an arrow.
The arrow closely misses the steam dragon.
The steam dragon barely misses you. The steam dragon misses you.
The steam dragon completely misses you. The steam dragon barely misses you.
You shoot an arrow.
The arrow closely misses the steam dragon.
The steam dragon completely misses you. x2
You shoot an arrow. The arrow hits the steam dragon.
The steam dragon is severely wounded.
The steam dragon completely misses you. x2
You shoot an arrow. The arrow hits the steam dragon!
The steam dragon is almost dead.
The steam dragon completely misses you. The steam dragon claws you.
You shoot an arrow.
The arrow closely misses the steam dragon.
The steam dragon breathes steam at you. The ball of steam hits you!
You die...

#........## ###.~~~~~##.).#
#..####...#####...~~~~~##...###
#### ##.........#~~~~##......#
#.........~~~~~##..####.
#.....####~~~~~#.<.# ##
#....#####~~~~.....##
#......88~~~~~88....##
#.......D............##
##......@...........#..##
#.......88~~~~~88..###..#
##..##....~~~~~.##### ##.#
##.####..##~~~~~## ##.# ##.##
#..##~~~~## ##..# ###.##
#..#~~~~~# ##...# ##..##
#.<#~~~~~# #....# ##..##
#..#~~~~## #.....
#.%.########..#~~~~# ##....


You could see a steam dragon (catching breath).

Vanquished Creatures
  Eustachio (D:5)
  A black bear (D:6)
  An ogre (D:5)
  2 centaurs (D:4)
  3 scorpions (D:6)
  A howler monkey (D:5)
  A bombardier beetle (D:6)
  5 orc priests (D:4)
  2 gnoll boudas (D:6)
  2 hounds
  3 jellies
  2 sleepcaps (D:5)
  Ijyb (D:5)
  2 iguanas (D:6)
  4 orc wizards (D:4)
  6 gnolls (D:6)
  15 adders
  A shadow imp (D:5)
  2 white imps (D:5)
  2 ufetubi (D:6)
  2 dart slugs
  A ribbon worm (D:2)
  15 orcs
  7 ball pythons
  A bat (D:1)
  6 endoplasms
  4 giant cockroaches
  6 hobgoblins
  8 jackals
  4 kobolds
  4 quokkas
  5 frilled lizards
  5 goblins
  6 rats
131 creatures vanquished.

Vanquished Creatures (others)
  An orc wizard (D:4)
1 creature vanquished.

Grand Total: 132 creatures vanquished

Notes
Turn   | Place    | Note
-------+----------+-------------------------------------------
     0 | D:1      | qw the Spriggan Hunter began the quest for the Orb.
     0 | D:1      | Reached XP level 1. HP: 10/10 MP: 2/2
     0 | D:1      | 0 ||| qw: Version: 0.3-a-160-g6735b56
     0 | D:1      | 0 ||| qw: Game counter: 5604
     0 | D:1      | 0 ||| qw: Melee chars always use a shield: true
     0 | D:1      | 0 ||| qw: God list: Okawaru
     0 | D:1      | 0 ||| qw: Allow faded altars: false
     0 | D:1      | 0 ||| qw: Do Orc after clearing Dungeon:15 true
     0 | D:1      | 0 ||| qw: Do second Lair branch before Depths: true
     0 | D:1      | 0 ||| qw: Lair rune preference: random
     0 | D:1      | 0 ||| qw: Goals: Normal
     0 | D:1      | 0 ||| PLANNING D:1-11
    57 | D:1      | Reached skill level 3 in Dodging
   249 | D:1      | Reached XP level 2. HP: 14/14 MP: 3/3
   700 | D:1      | Reached XP level 3. HP: 18/18 MP: 4/4
   700 | D:1      | 700 ||| READING scroll labelled LUASHRO ESIDE.
   700 | D:1      | 700 ||| IDENTIFYING golden potion
   701 | D:1      | 701 ||| READING scroll labelled LEOLIO GUNGY.
   732 | D:1      | 732 ||| READING scroll labelled RATWYS WIAR.
   733 | D:1      | 733 ||| DROPPING scroll of butterflies.
  1221 | D:2      | Found a runed translucent door.
  1222 | D:2      | Noticed Crazy Yiuf
  1765 | D:2      | 1765 ||| UPGRADING to +5 ring of evasion.
  1766 | D:2      | 1766 ||| READING 4 scrolls of identify.
  1766 | D:2      | 1766 ||| IDENTIFYING viscous coppery potion
  1767 | D:2      | 1767 ||| READING 3 scrolls of identify.
  1767 | D:2      | 1767 ||| IDENTIFYING fizzy white potion
  1768 | D:2      | 1768 ||| READING 2 scrolls of identify.
  1768 | D:2      | 1768 ||| IDENTIFYING sedimented amethyst potion
  1769 | D:2      | 1769 ||| READING scroll of identify.
  1769 | D:2      | 1769 ||| IDENTIFYING smoky blue potion
  1770 | D:2      | 1770 ||| READING scroll labelled REYHEJ PIKEHE.
  1770 | D:2      | 1770 ||| ENCHANTING +0 shortbow.
  1771 | D:2      | 1771 ||| READING scroll labelled YPRERU OMIRU.
  1872 | D:2      | 1872 ||| READING scroll labelled AVOFASHO JUICUCS.
  1872 | D:2      | 1872 ||| BRANDING +0 shortbow.
  1873 | D:2      | 1873 ||| DROPPING potion of brilliance.
  1874 | D:2      | 1874 ||| DROPPING potion of magic.
  1875 | D:2      | 1875 ||| DROPPING potion of lignification.
  2019 | D:3      | Reached XP level 4. HP: 22/22 MP: 5/5
  2048 | D:3      | Found a shadowy altar of Dithmenos.
  2111 | D:3      | You fall into a shaft and drop 1 floor!
  2261 | D:4      | Found a shimmering altar of Xom.
  2273 | D:4      | Reached XP level 5. HP: 26/26 MP: 6/6
  2422 | D:4      | Noticed a centaur
  2423 | D:4      | 2423 ||| ZAPPING wand of mindburst (21) at -4,7 (centaur;
                  | floor).
  2424 | D:4      | 2424 ||| ZAPPING wand of mindburst (20) at -4,7 (centaur;
                  | floor).
  2425 | D:4      | 2425 ||| ZAPPING wand of mindburst (19) at -4,7 (centaur;
                  | floor).
  2426 | D:4      | 2426 ||| ZAPPING wand of mindburst (18) at -4,7 (centaur;
                  | floor).
  2426 | D:4      | Noticed a centaur
  2427 | D:4      | 2427 ||| ZAPPING wand of mindburst (17) at -4,6 (centaur;
                  | floor).
  2428 | D:4      | 2428 ||| ZAPPING wand of mindburst (16) at -4,6 (centaur;
                  | floor).
  2430 | D:4      | 2430 ||| ZAPPING wand of mindburst (15) at -4,5 (centaur;
                  | floor).
  2431 | D:4      | 2431 ||| ZAPPING wand of mindburst (14) at -3,5 (centaur;
                  | floor).
  2434 | D:4      | 2434 ||| ZAPPING wand of mindburst (13) at -1,2 (centaur;
                  | floor).
  2435 | D:4      | Killed a centaur
  2436 | D:4      | Reached skill level 6 in Ranged Weapons
  2436 | D:4      | Reached XP level 6. HP: 9/30 MP: 7/7
  2439 | D:4      | Reached skill level 6 in Dodging
  2441 | D:4      | HP: 7/30 [adder (2)]
  2542 | D:4      | 2542 ||| SWAPPING to +0 orcbow.
  2543 | D:4      | 2543 ||| DROPPING +0 shortbow of chaos.
  2650 | D:4      | HP: 5/30 [orc/+0 hand axe (5)]
  2656 | D:4      | HP: 5/30 [orc priest/+0 club (2)]
  2662 | D:4      | Reached XP level 7. HP: 8/35 MP: 8/8
  2772 | D:4      | 2772 ||| READING scroll labelled XEOR BOGGOHAIVIT.
  2780 | D:3      | Noticed a +0 dagger
  2780 | D:3      | Noticed a +0 spear
  2780 | D:3      | Noticed a +0 dagger
  2780 | D:3      | Noticed a +0 falchion
  2780 | D:3      | Noticed a +0 short sword
  2780 | D:3      | Noticed a +0 falchion
  2781 | D:3      | Noticed a +0 short sword
  2781 | D:3      | Noticed a +0 spear
  2905 | D:3      | Found a hide-covered altar of Uskayaw.
  3413 | D:3      | Found a hazy altar of Hepliaklqana.
  3420 | D:3      | 3420 ||| READING scroll labelled EDWOYP LIMIYWK.
  3769 | D:5      | Entered Level 5 of the Dungeon
  4032 | D:5      | Found a basalt altar of Yredelemnul.
  4035 | D:5      | Found an iron altar of Okawaru.
  4036 | D:5      | 4036 ||| PLANNING OKAWARU WORSHIP
  4036 | D:5      | 4036 ||| READING scroll of identify.
  4036 | D:5      | 4036 ||| IDENTIFYING sedimented black potion
  4037 | D:5      | 4037 ||| READING scroll labelled DUIRROKL LYEG.
  4038 | D:5      | 4038 ||| DROPPING potion of degeneration.
  4042 | D:5      | Became a worshipper of Warmaster Okawaru
  4043 | D:5      | 4043 ||| PLANNING D:1-11
  4113 | D:5      | Noticed Eustachio
  4114 | D:5      | 4114 ||| RETREEEEATING.
  4117 | D:5      | 4117 ||| RETREEEEATING.
  4119 | D:5      | 4119 ||| RETREEEEATING.
  4124 | D:5      | 4124 ||| ZAPPING wand of mindburst (12) at -1,0 (Eustachio;
                  | floor).
  4125 | D:5      | 4125 ||| ZAPPING wand of mindburst (11) at -7,3 (Eustachio;
                  | floor).
  4126 | D:5      | 4126 ||| ZAPPING wand of mindburst (10) at -7,3 (Eustachio;
                  | floor).
  4144 | D:5      | 4144 ||| ZAPPING wand of mindburst (9) at -1,0 (Eustachio;
                  | floor).
  4145 | D:5      | 4145 ||| ZAPPING wand of mindburst (8) at -1,0 (Eustachio;
                  | floor).
  4146 | D:5      | 4146 ||| ZAPPING wand of mindburst (7) at -1,0 (Eustachio;
                  | floor).
  4146 | D:5      | Killed Eustachio
  4196 | D:5      | Noticed Ijyb
  4211 | D:5      | Killed Ijyb
  4246 | D:5      | Found a white marble altar of Elyvilon.
  4270 | D:5      | Reached skill level 3 in Fighting
  4270 | D:5      | Reached XP level 8. HP: 32/40 MP: 9/9
  4418 | D:5      | Reached * piety under Okawaru
  4786 | D:5      | Found a burning altar of Makhleb.
  4848 | D:5      | 4848 ||| READING 2 scrolls labelled INUNO RAUM.
  4949 | D:5      | 4949 ||| DROPPING scroll of vulnerability.
  5055 | D:6      | Reached skill level 1 in Invocations
  5382 | D:6      | Reached skill level 3 in Invocations
  5543 | D:6      | 5543 ||| ZAPPING wand of quicksilver (6) at 2,1 (black
                  | bear; floor).
  5817 | D:6      | Found a broken altar of Ashenzari.
  5891 | D:6      | 5891 ||| Stepping ~*~*~tactically~*~*~ (cloud).
  5899 | D:6      | HP: 6/40 [steam dragon (5)]
  5907 | D:6      | HP: 3/40 [steam dragon (5)]
  5908 | D:6      | Killed from afar by a steam dragon

Levels and vault maps discovered:
D:1:      reono_arrival_forest_river, layout_loops_cross
D:2:      layout_basic, uniq_crazy_yiuf_cottage
D:3:      layout_basic, nicolae_dithmenos_shadow_blocks,
          nicolae_uskayaw_en_pointe, nzn_hepliaklqana_mist_gate,
          nicolae_figureground_sparkle
D:4:      layout_cave_pods, mainiacjoe_overflow_tiny_flanked,
          minmay_manual_mares
D:5:      layout_loops_ring, lemuel_coloured_pillars_altar, elyvilon_altar_5,
          minitemple, nicolae_half_adder, uniq_ijyb, uniq_eustachio
D:6:      wander_river, layout_layer_cave, cheibrodos_ashenzari_chains,
          minivault_5, uniq_blork_the_orc

Skill      XL: |  1  2  3  4  5  6  7  8 |
---------------+-------------------------+-----
Dodging        | 3 4 5 6 7 8 |  8.0
Ranged Weapons | 5 6 7 8 |  8.9
Fighting       | 2 3 |  3.0
Invocations    | 3 |  3.8
Stealth        | |  1.5

Action                     |  1- 3 |  4- 6 |  7- 9 || total
---------------------------+-------+-------+-------++-------
   Fire: Shortbow          |   118 |    66 |       ||   184
         Orcbow            |       |    41 |   237 ||   278
  Evoke: Wand              |       |     9 |     7 ||    16
    Use: Scroll            |    10 |       |     5 ||    15
 Armour: Robe              |    12 |    12 |    34 ||    58
  Dodge: Dodged            |    39 |    81 |   149 ||   269

Table legend:
 A = Non-vault XP
 B = Vault XP
 C = Vault XP percentage of total XP
 D = Non-vault monster count
 E = Vault monster count
 F = Vault count percentage of total count
                 A         B        C        D         E       F
            +---------+---------+-------+---------+---------+-------
      Total |    1825 |     529 |  22.5 |     122 |      10 |   7.6
            +---------+---------+-------+---------+---------+-------
        D:1 |      42 |       0 |   0.0 |      25 |       0 |   0.0
        D:2 |      33 |       0 |   0.0 |      12 |       0 |   0.0
        D:3 |      61 |       0 |   0.0 |      14 |       0 |   0.0
        D:4 |     564 |     227 |  28.7 |      36 |       2 |   5.3
        D:5 |     321 |     302 |  48.5 |      13 |       8 |  38.1
        D:6 |     804 |       0 |   0.0 |      22 |       0 |   0.0
            +---------+---------+-------+---------+---------+-------
